Map: Dusk Towers

Players

Rodzyn

  • Race: Protoss Protoss
  • League: Grandmaster

Miszu - Winner!

  • Race: Terran Terran
  • League: Grandmaster

VOD

Have the link to the VOD?

Description

Time

  • Played on: Feb. 21, 2016, 4:16 p.m.
  • Length: 11:25
Show
View Real Time Build Order
Export as new Build Order

Rodzyn Protoss 

Build Orders: 1 Gate Expand, Zealot Archon, Dark Templar Rush 

Get SALT Encoding   

  12  0:01  Probe (Chrono Boost)  
  13  0:12  Probe (Chrono Boost)  
  14  0:18  Pylon  
  14  0:23  Probe (Chrono Boost)  
  15  0:36  Gateway, Probe (Chrono Boost)  
  16  0:46  Probe (Chrono Boost)  
  16  0:48  Assimilator  
  17  0:57  Probe (Chrono Boost)  
  18  1:08  Probe (Chrono Boost)  
  19  1:23  Nexus  
  19  1:33  Cybernetics Core  
  19  1:36  Probe (Chrono Boost)  
  20  1:43  Assimilator  
  20  1:46  Probe (Chrono Boost)  
  21  1:52  Pylon  
  21  1:59  Probe (Chrono Boost)  
  22  2:10  Adept (Chrono Boost), Probe (Chrono Boost)  
  22  2:12  Warp Gate  
  25  2:22  Probe  
  26  2:27  Robotics Facility  
  26  2:34  Probe  
  27  2:40  Probe (Chrono Boost)  
  27  2:43  Pylon  
  28  2:46  Probe (Chrono Boost)  
  29  2:52  Probe (Chrono Boost)  
  29  2:57  Adept, Probe (Chrono Boost)  
  33  3:05  Twilight Council  
  33  3:07  Probe (Chrono Boost)  
  33  3:10  Probe (Chrono Boost)  
  35  3:17  Probe (Chrono Boost)  
  36  3:20  Warp Prism (Chrono Boost)  
  36  3:23  Probe  
  39  3:28  Probe  
  40  3:35  Probe  
  40  3:38  Probe  
  42  3:42  Dark Shrine  
  42  3:48  Probe  
  43  3:49  Probe  
  43  3:52  Observer (Chrono Boost)  
  45  3:55  Gateway  
  45  3:56  Gateway  
  45  3:59  Adept  
  45  4:00  Probe  
  45  4:01  Probe  
  49  4:05  Assimilator  
  49  4:09  Assimilator  
  49  4:12  Pylon  
  49  4:14  Mothership Core (Chrono Boost)  
  49  4:16  Observer, Probe (Chrono Boost)  
  53  4:26  Probe (Chrono Boost)  
  54  4:33  Probe (Chrono Boost)  
  54  4:37  Resonating Glaives  
  55  4:41  Nexus  
  55  4:42  Pylon  
  55  4:44  Probe (Chrono Boost)  
  56  4:47  Probe (Chrono Boost)  
  57  4:56  Dark Templar x2  
  61  5:01  Dark Templar  
  61  5:02  Probe (Chrono Boost)  
  61  5:06  Probe (Chrono Boost)  
  65  5:09  Pylon  
  65  5:12  Pylon  
  65  5:13  Probe (Chrono Boost)  
  66  5:17  Probe (Chrono Boost)  
  67  5:24  Probe (Chrono Boost)  
  68  5:33  Probe (Chrono Boost)  
  68  5:34  Immortal, Probe (Chrono Boost)  
  74  5:40  Forge  
  74  5:42  Pylon  
  74  5:43  Probe (Chrono Boost)  
  74  5:45  Forge  
  75  5:55  Probe x2 (Chrono Boost)  
  75  5:56  Probe (Chrono Boost)  
  76  6:05  Probe (Chrono Boost)  
  76  6:06  Probe x2 (Chrono Boost)  
  79  6:16  Protoss Ground Weapons Level 1 (Chrono Boost), Probe x3 (Chrono Boost)  
  79  6:17  Blink (Chrono Boost)  
  79  6:18  Gateway, Protoss Ground Armor Level 1 (Chrono Boost)  
  82  6:20  Gateway  
  82  6:24  Gateway  
  82  6:26  Immortal  
  82  6:29  Sentry x2  
  90  6:43  Stalker  
  90  6:44  Probe  
  91  6:50  Pylon  
  91  6:51  Gateway, Probe  
  91  6:54  Gateway  
  92  6:55  Stalker, Pylon  
  92  6:58  Stalker  
  96  7:05  Immortal, Probe  
  96  7:07  Pylon, Assimilator  
  101  7:09  Pylon  
  101  7:10  Assimilator  
  101  7:11  Archon  
  101  7:15  Stalker  
  101  7:21  Stalker x3  
  101  7:22  Stalker  
  111  7:30  Pylon x2  
  111  7:36  Stalker  
  113  7:43  Warp Prism  
  115  8:03  Stalker x4  
  115  8:04  Stalker x4  
  125  8:17  Protoss Ground Weapons Level 2  
  129  8:20  Immortal  
  129  8:22  Protoss Ground Armor Level 2  
  129  8:25  Pylon x2  
  129  8:26  Templar Archives  
  129  8:27  Pylon  
  129  8:30  Stalker x4  
  137  8:45  Probe  
  137  8:46  Probe  
  139  8:50  Adept x2  
  139  8:51  Adept x2  
  147  9:12  Psionic Storm, Nexus  
  147  9:13  Pylon  
  147  9:20  Stargate  
  147  9:24  Adept x2  
  147  9:25  Adept  
  151  9:35  Probe x3  
  151  9:37  High Templar x4, Assimilator  
  162  9:42  Assimilator  
  161  9:47  Probe  
  161  9:48  Probe  
  161  9:49  Probe  
  164  9:55  Observer  
  164  9:59  Probe  
  159  10:06  Phoenix (Chrono Boost)  
  155  10:10  Fleet Beacon, Probe  
  155  10:12  Stargate, Probe  
  155  10:15  Probe  
  156  10:28  Adept x3  
  158  10:35  Probe x3  
  163  10:45  Adept  
  111  11:04  Stalker x2  
Show
View Real Time Build Order
Export as new Build Order

Miszu Terran - Winner!

Build Orders: Command Center First (CC), MMM Bio 

Get SALT Encoding   

  12  0:00  SCV  
  13  0:12  SCV  
  14  0:17  Supply Depot  
  14  0:25  SCV  
  15  0:39  SCV  
  16  0:51  SCV  
  17  1:01  Command Center  
  17  1:03  SCV  
  18  1:15  SCV  
  18  1:16  Barracks  
  19  1:27  SCV  
  19  1:30  Barracks  
  21  1:40  SCV  
  21  1:47  Barracks  
  21  1:52  SCV  
  22  2:04  Marine, Orbital Command  
  23  2:12  Orbital Command  
  23  2:17  Marine  
  23  2:22  Marine  
  25  2:29  SCV  
  26  2:33  Marine  
  26  2:35  Marine  
  28  2:37  Refinery x2  
  28  2:39  SCV  
  28  2:41  Marine, SCV  
  31  2:49  Supply Depot  
  31  2:51  Marine, SCV  
  31  2:53  Marine, SCV  
  35  3:03  SCV  
  37  3:06  SCV  
  37  3:08  Barracks Tech Lab  
  37  3:13  Supply Depot  
  37  3:14  Marine x2  
  37  3:15  SCV  
  37  3:18  SCV  
  41  3:21  Supply Depot  
  41  3:26  Marine  
  42  3:28  SCV, Stimpack  
  42  3:30  SCV  
  42  3:32  Marine  
  45  3:35  Marine  
  45  3:40  SCV  
  47  3:42  SCV  
  47  3:44  Supply Depot  
  49  3:52  SCV  
  49  3:54  Marine x2, SCV  
  53  3:57  Marauder  
  54  4:04  SCV  
  54  4:05  Refinery  
  54  4:06  SCV  
  54  4:09  Factory  
  56  4:12  Marine x2  
  56  4:13  Supply Depot  
  56  4:16  SCV  
  59  4:19  Marauder, SCV  
  59  4:22  Supply Depot  
  62  4:28  Supply Depot, SCV  
  62  4:30  Marine x2  
  65  4:31  SCV  
  65  4:37  Engineering Bay  
  66  4:40  SCV  
  66  4:41  Marauder  
  66  4:43  SCV  
  66  4:44  Supply Depot  
  70  4:48  Marine  
  70  4:52  Starport, SCV, Factory Reactor  
  72  4:56  SCV  
  73  5:02  Missile Turret  
  73  5:04  SCV, Missile Turret  
  74  5:07  Terran Infantry Weapons Level 1  
  74  5:11  SCV  
  74  5:13  Barracks Reactor  
  74  5:14  Barracks Tech Lab  
  75  5:17  SCV  
  75  5:23  SCV  
  75  5:24  Liberator  
  75  5:25  Liberator  
  72  5:32  Marauder  
  72  5:35  Command Center  
  80  5:47  Refinery  
  79  5:53  SCV x2  
  79  5:54  Marine x2, Marauder  
  79  5:55  Marine  
  79  5:56  Combat Shields  
  84  6:05  SCV x2  
  86  6:11  Marine  
  86  6:13  Supply Depot  
  86  6:14  Supply Depot  
  86  6:15  Marine, Marauder  
  90  6:23  SCV  
  90  6:24  Medivac  
  90  6:25  Medivac  
  95  6:31  SCV  
  96  6:33  Barracks  
  96  6:35  SCV  
  96  6:47  Marauder, Orbital Command  
  96  6:51  SCV x2  
  96  6:53  Barracks  
  100  6:56  Medivac x2, Marauder  
  106  7:03  SCV  
  106  7:05  Marine x2  
  109  7:09  Marauder  
  109  7:11  Liberator  
  109  7:12  Orbital Command  
  111  7:18  Marauder, SCV  
  114  7:23  Marine  
  114  7:24  Fusion Core  
  114  7:27  Refinery  
  114  7:28  Starport, Missile Turret  
  118  7:30  Refinery  
  118  7:36  Marine  
  122  7:41  Marine  
  122  7:42  Liberator  
  122  7:43  SCV  
  122  7:44  SCV x2  
  122  7:46  Barracks Reactor, Barracks Tech Lab  
  122  7:49  Marauder  
  124  7:53  Supply Depot  
  124  7:54  Supply Depot  
  124  7:55  SCV  
  124  7:56  Supply Depot  
  123  8:03  Marauder, SCV  
  126  8:06  Starport Tech Lab  
  126  8:07  Marauder  
  126  8:08  SCV  
  126  8:09  Liberator  
  126  8:10  Liberator  
  126  8:12  Terran Infantry Armor Level 1  
  130  8:15  SCV  
  131  8:20  SCV  
  131  8:25  Liberator  
  134  8:28  Advanced Ballistics  
  134  8:30  Marauder  
  134  8:33  Marine x2, Marauder  
  142  8:41  Marine  
  142  8:42  Marauder  
  148  8:52  Liberator  
  148  8:53  Marine x3, Marauder  
  148  8:54  Marine  
  154  8:59  Supply Depot x2, Marine  
  154  9:00  Supply Depot  
  154  9:02  Supply Depot  
  152  9:03  Liberator  
  152  9:04  Marauder  
  157  9:18  Command Center  
  157  9:20  Marine x4, Marauder x2  
  168  9:25  Marine, Missile Turret  
  168  9:26  Missile Turret  
  169  9:31  Missile Turret  
  169  9:32  Missile Turret  
  169  9:35  Liberator  
  169  9:38  Marine x4  
  173  9:41  Marine  
  173  9:42  Marauder  
  175  9:47  Marauder, Concussive Shells  
  175  9:51  Liberator x2  
  182  10:00  Marauder  
  182  10:13  Engineering Bay, Barracks x2  
  188  10:14  Barracks, Armory  
  188  10:18  Liberator  
  187  10:27  Marine, Marauder  
  189  10:30  Marine  
  168  10:59  Marine  
  168  11:00  Marauder  
  168  11:03  Marine x4, Marauder  
Tags
 
Add a new tag
Caveats
  • Supply blocks, unpowered buildings, or Contaminate may cause inaccurate times.
  • Supply counts are checked every 10 seconds.